 Dungeon Crawl Stone Soup version 0.29.1-2-gbd0b4ee654 (webtiles) character file.

Game seed: 16522618249300708130

17 jaham0 the Stinger (level 2, -2/20 HPs)
             Began as a Demonspawn Venom Mage on Nov 28, 2022.
             Was a Follower of Kikubaaqudgha.
             Slain by an adder (3 damage)
             ... on level 2 of the Dungeon.
             The game lasted 00:06:58 (1617 turns).

jaham0 the Stinger (Demonspawn Venom Mage)          Turns: 1617, Time: 00:06:59

Health: -2/20      AC:  2    Str:  8    XL:     2   Next: 44%
Magic:  0/5        EV: 16    Int: 16    God:    Kikubaaqudgha [*.....]
Gold:   62         SH:  0    Dex: 13    Spells: 3/5 levels left

rFire   . . .      SeeInvis .   (no weapon)
rCold   . . .      Faith    .   (no shield)
rNeg    . . .      Spirit   .   a - +0 robe
rPois   .          Reflect  .   (no helmet)
rElec   .          Harm     .   (no cloak)
rCorr   .          Rampage  .   (no gloves)
Will    .....                   (no boots)
Stlth   ++........              (no amulet)
HPRegen 0.06/turn               h - +4 ring of evasion
MPRegen 0.09/turn               (no ring)

@: lethally poisoned (-2 -> -6)
A: claws 1
a: Renounce Religion, Unearth Wretches


You were on level 2 of the Dungeon.
You worshipped Kikubaaqudgha.
Kikubaaqudgha was aware of your devotion.
You visited 1 branch of the dungeon, and saw 2 of its levels.

You collected 62 gold pieces.

Inventory:

Armour
 a - a +0 robe (worn)
Jewellery
 h - a +4 ring of evasion (left claw)
Scrolls
 b - a scroll of enchant armour {unknown}
 d - 2 scrolls of identify {unknown}
 f - a scroll of fog {unknown}
 g - a scroll of blinking {unknown}
 i - 2 scrolls of teleportation
Potions
 c - a potion of mutation {unknown}
 e - 2 potions of haste {unknown}


   Skills:
 + Level 0.3 Fighting
 + Level 1.7 Dodging
 - Level 1.7 Stealth
 + Level 0.3 Unarmed Combat
 + Level 2.2 Spellcasting
 + Level 0.8 Transmutations
 + Level 3.5 Poison Magic


You had 3 spell levels left.
You knew the following spells:

 Your Spells              Type           Power      Damage    Failure   Level
a - Sting                 Tmut/Pois      32%        1d4       9%          1
b - Necrotise             Necr           4%         1d4       21%         1

Your spell library contained the following spells:

 Spells                   Type           Power      Damage    Failure   Level
 Poisonous Vapours        Pois/Air       14%        N/A       16%         2
 Mephitic Cloud           Conj/Pois/Air  5%         N/A       36%         3
 Confusing Touch          Hex            1%         N/A       52%         3
 Vampiric Draining        Necr           1%         2d6       52%         3
 Olgreb's Toxic Radiance  Pois           13%        N/A       43%         4
 Anguish                  Hex/Necr       0%         N/A       90%         4
 Animate Dead             Necr           1%         N/A       90%         4
 Yara's Violent Unravell  Hex/Tmut       1%         3d3       99%         5
 Enfeeble                 Hex            0%         N/A       100%        7


Dungeon Overview and Level Annotations

Branches:
Dungeon (2/15)

Altars:
Kikubaaqudgha


Innate Abilities, Weirdness & Mutations

You have sharp fingernails.


Message History

You scratch the adder.
The adder is lightly wounded.
The adder closely misses you.
You scratch the adder.
The adder is heavily wounded.
The adder bites you.
You are poisoned.
The adder poisons you! The adder barely misses you.
You closely miss the adder.
The adder is heavily wounded.
You feel sick. The adder bites you.
You feel sick.
You feel sick. The adder completely misses you.
The adder attacks as you move away! The adder barely misses you.
You feel sick.
You feel sick.
You feel sick. The adder attacks as you move away! The adder barely misses you.
You feel sick.
You are no longer poisoned.
The adder bites you.
* * * LOW HITPOINT WARNING * * *
You are lethally poisoned!
The adder poisons you!
Casting: Necrotise (safe; 21% risk of failure)
Confirm with . or Enter, or press ? or * to list all spells.
Aiming: Necrotise (safe; 21% risk of failure)
Press: ? - help, Shift-Dir - straight line, f/p - adder
Aim: an adder (moderately wounded, chance to affect: 45%)
The adder resists with some effort.
* * * LOW HITPOINT WARNING * * *
You feel sick. The adder closely misses you.
You scratch the adder.
The adder is heavily wounded.
* * * LOW HITPOINT WARNING * * *
You feel sick. The adder completely misses you.
You scratch the adder but do no damage.
The adder is heavily wounded.
* * * LOW HITPOINT WARNING * * *
You feel sick. The adder barely misses you. The adder bites you.
You die...
Kikubaaqudgha rasps: "You have failed me!
Welcome... death!"

##.. #..# ########## ###
#.. #........##... ##.
#.<.........# #####S
.###.........### ##...#Z
............######....#.
####.<...............##.
##..@S...........)#..
#############....†.#
#...>#.. #....##.
#....... ##......
##..... ######


You could see an adder.

Vanquished Creatures
  A dart slug (D:1)
  A ball python (D:1)
  A bat (D:1)
  An endoplasm (D:1)
  A hobgoblin (D:2)
  3 quokkas (D:1)
  3 goblins
  2 rats (D:1)
13 creatures vanquished.

Notes
Turn   | Place    | Note
-------+----------+-------------------------------------------
     0 | D:1      | jaham0 the Demonspawn Venom Mage began the quest for the
                  | Orb.
     0 | D:1      | Reached XP level 1. HP: 13/13 MP: 3/3
   536 | D:1      | Found a faded altar of an unknown god.
   538 | D:1      | Found a faded altar of an unknown god.
   552 | D:1      | Prayed at the altar of an unknown god.
   552 | D:1      | Became a worshipper of Kikubaaqudgha
   552 | D:1      | Reached * piety under Kikubaaqudgha
   552 | D:1      | Received a gift from Kikubaaqudgha
   555 | D:1      | Learned a level 1 spell: Necrotise
   746 | D:1      | Gained mutation: You have sharp fingernails. [demonic
                  | ancestry]
   746 | D:1      | Reached XP level 2. HP: 4/20 MP: 0/5
  1617 | D:2      | HP: 1/20 [poisoned by an adder]
  1617 | D:2      | Slain by an adder

Illustrated notes

Levels and vault maps discovered:
D:1:      minmay_arrival_four_loops, layout_loops_ring,
          hellmonk_ecumenical_altar_the_god_not_taken, kennysheep_another_room
D:2:      layout_rooms, minmay_misc_feat_tower

Action                   || total
-------------------------++-------
Melee: Unarmed           ||    38
 Cast: Sting             ||    12
       Necrotise         ||    15
  Use: Potion            ||     1
       Scroll            ||     1
Armor: Robe              ||     5
Dodge: Dodged            ||    41
